 Dungeon Crawl Stone Soup version 0.28-a0-850-g09de17f5b5 (webtiles) character file.

Game seed: 9502289271325132857

126 Crownlay the Insei (level 5, -9/33 HPs)
             Began as an Octopode Transmuter on Nov 13, 2021.
             Mangled by Edmund (11 damage)
             ... on level 4 of the Dungeon.
             The game lasted 00:06:20 (4461 turns).

Crownlay the Insei (Octopode Transmuter)            Turns: 4461, Time: 00:06:21

Health: -9/33      AC:  1    Str:  9    XL:     5   Next: 9%
Magic:  8/8        EV: 13    Int: 16    God:
Gold:   74         SH:  0    Dex: 13    Spells: 7/8 levels left

rFire   . . .      SeeInvis .     - Unarmed
rCold   . . .      Faith    .   (no shield)
rNeg    . . .      Spirit   .   (helmet currently unavailable)
rPois   .          Reflect  .   (no amulet)
rElec   .          Harm     .   (no ring)
rCorr   .          Rampage  .   (no ring)
Will    .....                   (no ring)
Stlth   ++........              (no ring)
HPRegen 0.11/turn               (no ring)
MPRegen 0.11/turn               (no ring)
                                (no ring)
                                (no ring)

@: appendages (expiring)
A: tentacle spike 3, almost no armour, amphibious, 8 rings, camouflage 1,
gelatinous body 1, (nimble swimmer 1), tentacles
a: End Transformation


You were on level 4 of the Dungeon.
One of your tentacles had grown a beastly spike.
You visited 1 branch of the dungeon, and saw 4 of its levels.

You collected 74 gold pieces.

Inventory:

Scrolls
 a - a scroll of summoning {unknown}
 b - a scroll of teleportation {unknown}
 c - a scroll of identify
 e - 3 scrolls of enchant weapon
 f - a scroll of amnesia {unknown}
 h - 2 scrolls of noise
 j - a scroll of magic mapping {unknown}
Potions
 d - 2 potions of berserk rage
 g - 3 potions of curing
 i - 2 potions of heal wounds {unknown}


   Skills:
 - Level 1.0 Fighting
 - Level 2.0 Dodging
 * Level 4.3 Unarmed Combat
 - Level 2.0 Spellcasting
 - Level 4.0 Transmutations


You had 7 spell levels left.
You knew the following spells:

 Your Spells              Type           Power      Damage    Failure   Level
a - Beastly Appendage     Tmut           28%        N/A       4%          1

Your spell library contained the following spells:

 Spells                   Type           Power      Damage    Failure   Level
 Wereblood                Tmut           14%        N/A       6%          2
 Shock                    Conj/Air       4%         1d3       21%         1
 Spider Form              Tmut/Pois      8%         N/A       26%         3
 Dazzling Flash           Conj/Hex       2%         N/A       52%         3
 Swiftness                Air            1%         N/A       52%         3
 Ice Form                 Ice/Tmut       8%         N/A       65%         4
 Airstrike                Air            0%         N/A       90%         4
 Iskenderun's Mystic Bla  Conj/Tloc      1%         2d3       90%         4
 Starburst                Conj/Fire      0%         6d3       100%        6


Dungeon Overview and Level Annotations

Branches:
Dungeon (4/15)
 Temple: D:4-7

Altars:

Annotations:
D:4 Edmund


Innate Abilities, Weirdness & Mutations

One of your tentacles has grown a beastly spike.
You cannot wear most types of armour.
You are amphibious.
You can wear up to eight rings at the same time.
Your skin changes colour to match your surroundings (Stealth+).
Your rubbery body absorbs attacks. (AC +1, EV +1)
((You are camouflaged near water. (Stealth+)))
You have tentacles for arms and can constrict up to eight enemies at once.


Message History

No target in view!
i - 2 fizzy clear potions (gained 1)
You open the door.
There is an open door here.
Found a stone staircase leading down.
Edmund the Younger comes into view.
He is wielding a +1 flail of protection.
One of your tentacles grows a vicious spike.
Okay, then.
Edmund drinks a potion.
Edmund seems to speed up.
Edmund hits you with a +1 flail of protection!
Edmund closely misses you.
You tentacle-slap Edmund but do no damage.
You grab Edmund. You constrict Edmund. Edmund misses you.
You tentacle-slap Edmund.
You pierce Edmund, but do no damage.
Edmund is lightly wounded.
Your transformation is almost over.
You constrict Edmund, but do no damage.
Edmund hits you with a +1 flail of protection!
Edmund misses you.
You tentacle-slap Edmund but do no damage.
You pierce Edmund, but do no damage.
You squeeze Edmund.
Edmund is lightly wounded.
You constrict Edmund. Edmund misses you.
You tentacle-slap Edmund but do no damage.
You pierce Edmund, but do no damage.
Edmund is lightly wounded.
You constrict Edmund, but do no damage.
Edmund hits you with a +1 flail of protection.
You tentacle-slap Edmund. You squeeze Edmund, but do no damage.
Edmund is moderately wounded.
You constrict Edmund.
Edmund hits you with a +1 flail of protection.
* * * LOW HITPOINT WARNING * * *
Edmund hits you with a +1 flail of protection!
* * * LOW HITPOINT WARNING * * *
You tentacle-slap Edmund.
You pierce Edmund, but do no damage.
Edmund is moderately wounded.
You constrict Edmund, but do no damage.
Edmund hits you with a +1 flail of protection!
You die...

#....##########.#
#....# #....#
#....######
#....##...# # #
##'####...#.#.#
#.# #>.......
#.####.....#
#...@@...#
#######.## ...
@.... ......#
....... #####.#
..


You could see Edmund (fast).

Vanquished Creatures
  4 adders
  4 dart slugs
  3 orcs (D:3)
  11 ball pythons
  7 endoplasms
  2 giant cockroaches (D:1)
  4 goblins
  5 hobgoblins
  5 jackals
  8 kobolds
  3 quokkas
  7 bats
  5 frilled lizards
  7 rats
75 creatures vanquished.

Notes
Turn   | Place    | Note
-------+----------+-------------------------------------------
     0 | D:1      | Crownlay the Octopode Transmuter began the quest for the
                  | Orb.
     0 | D:1      | Reached XP level 1. HP: 13/13 MP: 3/3
   316 | D:1      | Reached XP level 2. HP: 14/18 MP: 3/5
   409 | D:1      | Found a faded altar of an unknown god.
   657 | D:1      | Reached XP level 3. HP: 23/23 MP: 6/6
  1851 | D:2      | Reached XP level 4. HP: 28/28 MP: 5/7
  3172 | D:3      | Reached XP level 5. HP: 24/33 MP: 8/8
  4448 | D:4      | Noticed Edmund
  4461 | D:4      | Mangled by Edmund

Illustrated notes

Levels and vault maps discovered:
D:1:      minmay_arrival_four_houses, layout_basic,
          ebering_ecumenical_altar_box, serial_bayou_crossing
D:2:      layout_loops_cross, serial_forest, infiniplex_forest_clump_small,
          infiniplex_forest_clump_small, infiniplex_forest_straight_1,
          infiniplex_forest_lined_2, infiniplex_forest_lined_corner,
          infiniplex_forest_lined_room_3, minmay_split_cup_small
D:3:      minmay_skewed_foursquare, layout_basic, minmay_diced_spiral
D:4:      layout_basic, uniq_edmund

Skill      XL: |  1  2  3  4 |
---------------+-------------+-----
Transmutations | 3 4 |  4.0
Unarmed Combat | 4 |  4.3
Fighting       | |  1.0
Dodging        | |  2.0
Spellcasting   | |  2.0

Action                   |  1- 3 |  4- 6 || total
-------------------------+-------+-------++-------
Melee: Unarmed           |    80 |    81 ||   161
       Constrict         |    19 |    21 ||    40
       Tentacles         |    16 |    19 ||    35
       Kick              |    11 |    13 ||    24
       Punch             |     2 |     3 ||     5
 Cast: Beastly Appendage |    12 |    11 ||    23
  Use: Scroll            |       |     4 ||     4
 Stab: Sleeping          |     9 |     3 ||    12
       Distracted        |       |     1 ||     1
Armor: Skin              |    10 |     3 ||    13
Dodge: Dodged            |    64 |    60 ||   124

Table legend: (Time is in decaauts)
 A = Elapsed time spent in this place.
 B = Non-inter-level travel time spent in this place.
 C = Inter-level travel time spent in this place.
 D = Time resting spent in this place.
 E = Time spent auto-exploring this place.
 F = Levels seen in this place.
 G = Mean time per level.
                   A        B        C        D        E       F      G
               +--------+--------+--------+--------+--------+-----+--------+
         Total |   4450 |   4142 |    308 |      0 |   3640 |   4 | 1112.5 |
       Dungeon |   4450 |   4142 |    308 |      0 |   3640 |   4 | 1112.5 |
               +--------+--------+--------+--------+--------+-----+--------+

Top non-repeatable levels by time:
     D:3: 1923 daAuts
     D:2: 1407 daAuts
     D:1: 1082 daAuts
     D:4: 37 daAuts
